 Dungeon Crawl Stone Soup version 0.28.0-47-ge53b351184 (webtiles) character file.

Game seed: 13134966083714190008

395 Peloso the Slasher (level 6, -1/56 HPs)
             Began as a Minotaur Fighter on May 5, 2022.
             Succumbed to a scorpion's poison
             ... on level 5 of the Dungeon.
             The game lasted 00:03:38 (2464 turns).

Peloso the Slasher (Minotaur Fighter)               Turns: 2464, Time: 00:03:39

Health: -1/56      AC:  8    Str: 19 (20) XL:     6   Next: 52%
Magic:  5/5        EV:  9    Int:  4 (5)  God:
Gold:   177        SH:  4    Dex: 10 (12) Spells: 5/5 levels left

rFire   . . .      SeeInvis .   a - +0 long sword
rCold   . . .      Faith    .   c - +0 buckler
rNeg    . . .      Spirit   .   n - +0 scale mail
rPois   .          Reflect  .   (helmet restricted)
rElec   .          Harm     .   l - +0 cloak
rCorr   .          Rampage  .   (no gloves)
Will    .....                   (no boots)
Stlth   ..........              (no amulet)
HPRegen 0.18/turn               (no ring)
MPRegen 0.09/turn               (no ring)

@: brilliant, lethally poisoned (-1 -> -22)
A: horns 2, retaliatory headbutt
a: no special abilities


You were on level 5 of the Dungeon.
You visited 1 branch of the dungeon, and saw 5 of its levels.

You collected 177 gold pieces.

Inventory:

Hand Weapons
 a - a +0 long sword (weapon)
 b - the +1 whip of Precise Incision {vorpal, Fly rC+}
   (You found it on level 5 of the Dungeon)

   It inflicts extra damage upon your enemies.
   rC:        It protects you from cold.
   Fly:       It grants you flight.
Armour
 c - a +0 buckler (worn)
 l - a +0 cloak (worn)
 n - a +0 scale mail (worn)
Scrolls
 e - 2 scrolls of amnesia {unknown}
 f - a scroll of brand weapon {unknown}
 g - a scroll of magic mapping {unknown}
 h - a scroll of teleportation {unknown}
 i - 2 scrolls of identify {unknown}
 j - a scroll of fog {unknown}
 m - a scroll of holy word {unknown}
Potions
 d - a potion of might


   Skills:
 + Level 5.1 Fighting
 + Level 5.9 Long Blades
 + Level 4.8 Armour
 + Level 1.7 Dodging
 + Level 0.6 Stealth
 + Level 4.3 Shields


You had 5 spell levels left.
You didn't know any spells.
Your spell library contained the following spells:

 Spells                   Type           Power      Damage    Failure   Level
 Beastly Appendage        Tmut           0%         N/A       91%         1
 Scorch                   Fire           0%         2d5       97%         2
 Wereblood                Tmut           0%         N/A       97%         2
 Gell's Gravitas          Tloc           0%         N/A       99%         3
 Spider Form              Tmut/Pois      0%         N/A       99%         3
 Teleport Other           Tloc           0%         N/A       99%         3
 Flame Wave               Conj/Fire      0%         2d4       100%        4
 Dispersal                Tloc           0%         N/A       100%        6
 Summon Cactus Giant      Summ           0%         N/A       100%        6


Dungeon Overview and Level Annotations

Branches:
Dungeon (5/15)
 Temple: D:4-7

Altars:
Ru
Wu Jian
Xom

Shops:
D:1 [


Innate Abilities, Weirdness & Mutations

You have a pair of horns on your head.
You reflexively headbutt those who attack you in melee.


Message History

You feel sick. The scorpion stings you.
You are more poisoned.
The scorpion poisons you! The scorpion stings you.
You closely miss the scorpion. Your headbutt misses the scorpion.
The scorpion is moderately wounded.
You feel very sick.
The scorpion stings you but does no damage.
You hit the scorpion.
The scorpion is severely wounded.
You feel very sick. The scorpion stings you!
You hit the scorpion.
You headbutt the scorpion, but do no damage.
The scorpion is severely wounded.
You feel sick. The scorpion stings you.
* * * LOW HITPOINT WARNING * * *
The scorpion stings you.
* * * LOW HITPOINT WARNING * * *
It was a potion of brilliance.
You feel clever all of a sudden.
You feel sick.
The scorpion stings you but does no damage.
It was a potion of curing.
You feel better. The scorpion stings you.
* * * LOW HITPOINT WARNING * * *
You are lethally poisoned!
The scorpion poisons you!
Unknown command.
It was a potion of degeneration.
There was something very wrong with that liquid.
You feel weakened.
You feel dopey.
You feel clumsy.
* * * LOW HITPOINT WARNING * * *
You feel very sick. The scorpion stings you.
* * * LOW HITPOINT WARNING * * *
You are more poisoned.
The scorpion poisons you!
You barely miss the scorpion.
You headbutt the scorpion, but do no damage.
The scorpion is severely wounded.
You die...

... ......... .s..
......... ....#
........##
.....##.....>..........
.....................
...................
#......... ......
###s##......##.....
###.@...####.....(#..
#.........##.#....#..
#.....♣♣....#.#.##....
#.....♣♣....#.........
#..##.........#.......#
#..##.....##..#...#....
#......_..##...........
# ............#.....#..
..≈≈........#.....###


You could see a scorpion.

Vanquished Creatures
  An ice beast (D:5)
  A necrophage (D:5)
  A scorpion (D:3)
  2 jellies (D:5)
  A bullfrog skeleton (D:5)
  3 adders (D:3)
  A dart slug (D:1)
  3 orcs
  5 ball pythons
  3 endoplasms
  3 goblins
  4 hobgoblins
  7 jackals
  3 quokkas
  A bat (D:1)
  3 frilled lizards
  A kobold (D:1)
  5 rats
48 creatures vanquished.

Notes
Turn   | Place    | Note
-------+----------+-------------------------------------------
     0 | D:1      | Peloso the Minotaur Fighter began the quest for the Orb.
     0 | D:1      | Reached XP level 1. HP: 19/19 MP: 0/0
     6 | D:1      | Noticed an iguana
     6 | D:1      | Noticed a swamp drake
     7 | D:1      | Noticed a killer bee
     7 | D:1      | Noticed a black bear
   133 | D:1      | Reached XP level 2. HP: 25/27 MP: 1/1
   160 | D:1      | Found a faded altar of an unknown god.
   196 | D:1      | Found Kemed's Armour Boutique.
   769 | D:2      | Reached XP level 3. HP: 31/33 MP: 2/2
  1000 | D:2      | You fall into a shaft and drop 1 floor!
  1145 | D:3      | Noticed a scorpion
  1295 | D:2      | Noticed an ogre
  1322 | D:3      | Killed a scorpion
  1323 | D:3      | Reached skill level 1 in Dodging
  1323 | D:3      | Reached XP level 4. HP: 33/40 MP: 3/3
  1874 | D:5      | Entered Level 5 of the Dungeon
  1890 | D:5      | Reached XP level 5. HP: 47/47 MP: 4/4
  1893 | D:5      | Identified the +1 whip of Precise Incision {vorpal, Fly
                  | rC+}
  2005 | D:5      | Found a sacrificial altar of Ru.
  2018 | D:5      | Reached skill level 5 in Long Blades
  2206 | D:5      | Found a shimmering altar of Xom.
  2284 | D:5      | Noticed a necrophage
  2286 | D:5      | Noticed an ice beast
  2310 | D:5      | Killed a necrophage
  2311 | D:5      | Reached XP level 6. HP: 44/55 MP: 5/5
  2319 | D:5      | Killed an ice beast
  2320 | D:5      | Reached skill level 5 in Fighting
  2432 | D:5      | Found an ornate altar of the Wu Jian Council.
  2464 | D:5      | Succumbed to a scorpion's poison

Illustrated notes

Levels and vault maps discovered:
D:1:      onia_arrival_zoo_common, layout_basic, serial_shops,
          nicolae_shop_window_shopping, basic_ecumenical_altar
D:2:      layout_rooms, minmay_stone_trees_small, minmay_misc_feat_ornament
D:3:      layout_loops_cross
D:4:      layout_gridville, mainiacjoe_overflow_surrounded_room,
          minmay_temple_entry_large_hall
D:5:      layout_cave_pools, nicolae_wu_jian_wuxing_cycle,
          kennysheep_little_box, nicolae_ru_sacrificial_ziggurat

Skill      XL: |  1  2  3  4  5  6 |
---------------+-------------------+-----
Fighting       | 4 5 |  5.1
Armour         | 4 |  4.8
Shields        | 4 |  4.3
Long Blades    | 3 4 5 |  5.9
Dodging        | 1 |  1.7
Stealth        | |  0.6

Action                   |  1- 3 |  4- 6 || total
-------------------------+-------+-------++-------
Melee: Long sword        |    61 |    54 ||   115
       Headbutt          |    10 |    18 ||    28
  Use: Potion            |       |     3 ||     3
Armor: Scale mail        |    28 |    18 ||    46
Dodge: Dodged            |    42 |    15 ||    57
Block: Buckler           |    13 |     9 ||    22
